cohdb
Replays
Latest Replays
All Replays
Popular Replays
Top Player Replays
Match Explorer
How It Works
Community
CoH3 Stats
Reddit
Sign in to upload your games and track your stats! →
Sign in with Steam
DAK Flak Halftrack Vs Rangers Double ATGs
Match 15665948
Overview
Messages
Build Orders
End
Selects Advanced Infantry Battlegroup
Construct Barracks
Riflemen Squad
Riflemen Squad
Riflemen Squad
Infantry Support Center
Grenade Package
Construct Medical Station
Selects Artillery Observers
M1918 Browning Automatic Rifles
Selects Convert to Ranger Squad
Convert to Ranger Squad
Munitions Surplus
Riflemen Squad
Construct Motor Pool
M1 Anti-tank Gun Team
M1 Anti-tank Gun Team
M24 Chaffee Light Tank
Selects M2A1 105mm Howitzer Emplacement
Selects Designate Assault Position
Demolitions Package
AI Takeover
OverlordCZ
Toiletguy
0
0
Comments
sign in to comment!
No comments posted yet!